 Dungeon Crawl Stone Soup version 0.27.1-33-g824d729ab1 (webtiles) character file.

Game seed: 3492451444283741378

22 caelumdeity the Changer (level 2, 0/21 HPs)
             Began as a Merfolk Transmuter on Dec 17, 2021.
             Slain by a centaur skeleton (1 damage)
             ... on level 2 of the Dungeon.
             The game lasted 00:07:16 (1851 turns).

caelumdeity the Changer (Merfolk Transmuter)        Turns: 1851, Time: 00:07:18

Health: 0/21       AC:  3    Str: 10    XL:     2   Next: 91%
Magic:  5/5        EV: 12    Int: 12    God:
Gold:   60         SH:  0    Dex: 14    Spells: 4/5 levels left

rFire    . . .     SeeInvis .     - Unarmed
rCold    . . .     Faith    .   (no shield)
rNeg     . . .     Spirit   .   e - +0 leather armour
rPois    .         Reflect  .   (no helmet)
rElec    .         Harm     .   (no cloak)
rCorr    .         Rampage  .   (no gloves)
Will     .....                  (no boots)
Stlth    +.........             (no amulet)
HPRegen  0.07/turn              (no ring)
MPRegen  0.09/turn              (no ring)

@: no status effects
A: (nimble swimmer 2), mertail
a: no special abilities


You were on level 2 of the Dungeon.
You visited 1 branch of the dungeon, and saw 2 of its levels.

You collected 60 gold pieces.

Inventory:

Armour
 e - a +0 leather armour (worn)
Potions
 a - a potion of curing {unknown}
 b - a potion of degeneration {unknown}
 c - a potion of might {unknown}
 d - a potion of haste {unknown}


   Skills:
 - Level 1.1 Fighting
 - Level 2.6 Dodging
 + Level 3.7 Unarmed Combat
 - Level 2.0 Spellcasting
 * Level 4.0 Transmutations


You had 4 spell levels left.
You knew the following spells:

 Your Spells              Type           Power      Damage    Failure   Level
a - Beastly Appendage     Tmut           20%        N/A       7%          1

Your spell library contained the following spells:

 Spells                   Type           Power      Damage    Failure   Level
 Wereblood                Tmut           10%        N/A       11%         2
 Spider Form              Tmut/Pois      3%         N/A       43%         3
 Ice Form                 Ice/Tmut       6%         N/A       85%         4


Dungeon Overview and Level Annotations

Branches:
Dungeon (2/15)

Altars:


Innate Abilities, Weirdness & Mutations

((You are quick and stealthy near water. (Stealth+, EV+, Speed+++)))
Your lower body shifts to a powerful aquatic tail in water.


Message History

You hit the centaur skeleton.
The centaur skeleton is lightly damaged.
The centaur skeleton hits you.
The centaur skeleton closely misses you.
You hit the centaur skeleton.
The centaur skeleton is moderately damaged.
The centaur skeleton completely misses you.
The centaur skeleton kicks you but does no damage.
You hit the centaur skeleton.
The centaur skeleton is moderately damaged.
The centaur skeleton hits you.
The centaur skeleton closely misses you.
You hit the centaur skeleton.
The centaur skeleton is heavily damaged.
The centaur skeleton hits you but does no damage.
The centaur skeleton kicks you but does no damage.
The centaur skeleton hits you. The centaur skeleton kicks you.
You hit the centaur skeleton but do no damage.
The centaur skeleton is heavily damaged.
The centaur skeleton hits you.
The centaur skeleton kicks you but does no damage.
You hit the centaur skeleton.
The centaur skeleton is heavily damaged.
The centaur skeleton barely misses you. x2
You hit the centaur skeleton but do no damage.
The centaur skeleton is heavily damaged.
The centaur skeleton hits you.
* * * LOW HITPOINT WARNING * * *
The centaur skeleton kicks you but does no damage.
You hit the centaur skeleton.
The centaur skeleton is severely damaged.
The centaur skeleton barely misses you.
The centaur skeleton kicks you but does no damage.
The centaur skeleton misses you. The centaur skeleton barely misses you.
You hit the centaur skeleton.
The centaur skeleton is severely damaged.
The centaur skeleton hits you.
* * * LOW HITPOINT WARNING * * *
The centaur skeleton kicks you.
You die...

#.#.# # .## ...# #
..# #..# # #.# #..#
# #.# ##.<###### #.#
#....†.... #.#
#....##### #.#.#
#..#.# #.#@## #>.#.#
#.Z#.######..#.#
#.###........#.#
######.#.#######.#.#
........####### #[#
#####.......... #.#
#........## #.#
#..#####.# #.# #..#
#.#####.#


You could see a centaur skeleton.

Vanquished Creatures
  A dart slug (D:1)
  4 ball pythons (D:1)
  2 bats (D:1)
  3 endoplasms
  2 hobgoblins (D:2)
  A quokka (D:1)
  2 ball python zombies (D:1)
  A frilled lizard (D:2)
  3 kobolds (D:1)
19 creatures vanquished.

Vanquished Creatures (others)
  A goblin (D:1)
1 creature vanquished.

Grand Total: 20 creatures vanquished

Notes
Turn   | Place    | Note
-------+----------+-------------------------------------------
     0 | D:1      | caelumdeity the Merfolk Transmuter began the quest for the
                  | Orb.
     0 | D:1      | Reached XP level 1. HP: 15/15 MP: 3/3
   186 | D:1      | Reached skill level 3 in Transmutations
   285 | D:1      | Reached XP level 2. HP: 15/21 MP: 5/5
   409 | D:1      | Found a faded altar of an unknown god.
  1781 | D:2      | Reached skill level 4 in Transmutations
  1851 | D:2      | HP: 1/21 [centaur skeleton (3)]
  1851 | D:2      | Slain by a centaur skeleton

Illustrated notes

Levels and vault maps discovered:
D:1:      saegor_arrival_fortress, layout_loops_ring,
          hellmonk_ecumenical_altar_crossroads, lemuel_old_faithful
D:2:      layout_loops_ring, basic_altar, minmay_tromino_v7, uniq_terence

Skill      XL: |  1  2 |
---------------+-------+-----
Transmutations | 3 4 |  4.0
Fighting       | |  1.1
Dodging        | |  2.6
Unarmed Combat | |  3.7
Spellcasting   | |  2.0

Action                   || total
-------------------------++-------
Melee: Unarmed           ||    99
       Punch             ||     1
Armor: Robe              ||     9
       Leather armour    ||    15
Dodge: Dodged            ||    65
